 Dungeon Crawl Stone Soup version 0.31-a0-1499-ge0622b2318 (webtiles) character file.

Game seed: 5227705587073111284

11672 whatisthis the Fighter (level 11, -5/97 HPs)
             Began as a Human Berserker on Dec 29, 2023.
             Was a Priest of Trog.
             Slain by a catoblepas (11 damage)
             ... while petrified by a catoblepas
             ... on level 9 of the Dungeon on Dec 30, 2023.
             The game lasted 00:42:38 (12230 turns).

whatisthis the Fighter (Human Berserker)           Turns: 12230, Time: 00:42:39

Health: -5/97      AC: 21    Str: 24    XL:     11   Next: 81%
Magic:  11/11      EV:  2    Int:  8    God:    Trog [***...]
Gold:   735        SH:  0    Dex: 12    Spells: 10/10 levels left

rFire   . . .        E - +0 war axe
rCold   . . .        O - +0 kite shield
rNeg    + + +        Q - +5 scale mail "Jeegimel" {Str+2 Slay+2}
rPois   ∞            F - +1 helmet
rElec   .            x - +2 cloak {Stlth+}
rCorr   .            k - +2 pair of gloves
SInv    .            (no boots)
Will    +....        (no amulet)
Stlth   +            d - ring of poison resistance
HPRegen 0.36/turn    G - ring of willpower
MPRegen 0.12/turn

%: no passive effects
@: petrified, on berserk cooldown, slowed
A: explore regen
a: Renounce Religion, Berserk, Trog's Hand


You were on level 9 of the Dungeon.
You worshipped Trog.
Trog was most pleased with you.
You visited 2 branches of the dungeon, and saw 12 of its levels.

You collected 735 gold pieces.

Inventory:

Hand Weapons
 o - a +0 dagger of electrocution
 E - a +0 war axe (weapon)
 I - a +1 morningstar of flaming
 K - the +6 shillelagh "Devastator" {shatter}
   (You found it on level 7 of the Dungeon)
Missiles
 g - 158 stones
 D - 3 boomerangs
 L - 20 poisoned darts (quivered)
Armour
 k - a +2 pair of gloves (worn)
 x - a +2 cloak of stealth (worn)
 F - a +1 helmet (worn)
 J - +0 swamp dragon scales
 O - a +0 kite shield (worn)
 Q - the +5 scale mail "Jeegimel" (worn) {Str+2 Slay+2}
   (You found it on level 8 of the Dungeon)

   Str+2:     It affects your strength (+2).
   Slay+2:    It affects your accuracy & damage with ranged weapons and melee
   (+2).
Jewellery
 d - a ring of poison resistance (left hand)
 v - a ring of protection from cold
 G - a ring of willpower (right hand)
 U - a ring of protection from cold
Wands
 n - a wand of quicksilver (4)
 p - a wand of polymorph (13)
 B - a wand of digging (5)
 N - a wand of charming (25)
 P - a wand of flame (16)
 T - a wand of iceblast (5)
Scrolls
 e - 5 scrolls of revelation
 h - 3 scrolls of blinking
 i - 2 scrolls of fear {unknown}
 m - a scroll of butterflies {unknown}
 q - 2 scrolls of silence {unknown}
 r - a scroll of fog {unknown}
 y - 3 scrolls of immolation
 z - a scroll of poison {unknown}
 A - 2 scrolls of teleportation
 C - a scroll of enchant weapon {unknown}
 H - 4 scrolls of amnesia
 M - 2 scrolls of noise {unknown}
 S - a scroll of vulnerability {unknown}
Potions
 a - a potion of magic {unknown}
 f - 5 potions of haste
 j - 2 potions of attraction {unknown}
 s - a potion of lignification {unknown}
 t - 3 potions of heal wounds {unknown}
 u - a potion of brilliance {unknown}
 w - 2 potions of might {unknown}
 R - a potion of mutation {unknown}


   Skills:
 + Level 12.8 Fighting
 - Level 11.8 Axes
 + Level 5.9 Armour
 - Level 2.0 Dodging
 + Level 4.8 Shields


You had 10 spell levels left.
You didn't know any spells.
Your spell library was empty.

Dungeon Overview and Level Annotations

Branches:
Dungeon (11/15)            Temple (0/1) D:7            Lair (1/5) D:9
    Orc: D:9-12

Altars:
Cheibriados
Fedhas
Hepliaklqana
Makhleb
Nemelex Xobeh
Ru
Sif Muna
Vehumet
Wu Jian
Xom
Yredelemnul
The Shining One

Annotations:
D:6 exclusion: statue


Innate Abilities, Weirdness & Mutations

You regain HP and MP as you explore.


Message History

You are engulfed in calcifying dust.
The catoblepas gores you but does no damage.
You are engulfed in calcifying dust.
The catoblepas gores you but does no damage.
You are engulfed in calcifying dust.
The catoblepas gores you.
* * * LOW HITPOINT WARNING * * *
The catoblepas breathes a plume of calcifying dust at you.
The blast of calcifying dust hits you but does no damage.
You are engulfed in calcifying dust.
The catoblepas gores you!
* * * LOW HITPOINT WARNING * * *
You are engulfed in calcifying dust.
The catoblepas gores you but does no damage.
You are engulfed in calcifying dust.
You are no longer berserk.
You feel yourself slow down. The catoblepas gores you.
* * * LOW HITPOINT WARNING * * *
You are engulfed in calcifying dust.
The catoblepas gores you!
* * * LOW HITPOINT WARNING * * *
You turn to flesh and can move again.
Unknown command.
Unknown command.
Unknown command.
Aiming: Quicksilver Bolt
Press: ? - help, Shift-Dir - straight line, f - catoblepas
Aim: a catoblepas (severely wounded, 100% to hit)
The bolt of dispelling energy hits the catoblepas.
The catoblepas is severely wounded.
You are engulfed in calcifying dust.
You are slowing down.
The catoblepas breathes a plume of calcifying dust at you.
The blast of calcifying dust hits you but does no damage.
The catoblepas breathes a plume of calcifying dust at you.
The blast of calcifying dust hits you but does no damage.
The catoblepas gores you!
* * * LOW HITPOINT WARNING * * *
You have turned to stone.
You are engulfed in calcifying dust.
The catoblepas gores you!!
* * * LOW HITPOINT WARNING * * *
You are engulfed in calcifying dust.
The catoblepas gores you!!
You die...

##...........)...........
###.........%.............#
#.........................#
###........§...........##..
#..!#...............#......
###.>#####.#.#........##...#
##....# #..<#§#........##....
#.....###...............#....
####.........§§@Y...............
##.#...............>.....§#......
#...#..........####.......##.....
................#.#........#.....
..>.............[................
....)#......................#....
.....##....................###...
..##..##....###.............###..
..#.........####...........## #..


You could see a catoblepas.

Vanquished Creatures
  A centaur warrior (D:9)
  A two-headed ogre (D:8)
  A boulder beetle (D:9)
  Amaemon (Lair:1)
  Maggie (D:6)
  2 cane toads (Lair:1)
  A gargoyle (D:7)
  An unseen horror (D:10)
  2 komodo dragons (Lair:1)
  2 trolls
  A hornet (D:7)
  4 blink frogs (Lair:1)
  A raiju (shapeshifter) (D:10)
  A shadow (D:10)
  A wraith (D:9)
  A wyvern (D:11)
  3 steam dragons
  5 yaks
  2 acid dragons
  2 water moccasins
  2 orc warriors
  An ice beast (D:6)
  2 black bears (D:4)
  3 centaurs
  4 lemures (D:4)
  A phantom (D:3)
  4 kobold brigands
  5 bullfrogs
  A gnoll sergeant (D:8)
  4 scorpions
  9 wights
  3 killer bees (D:9)
  3 howler monkeys (D:10)
  2 bombardier beetles
  Crazy Yiuf (D:4)
  2 orc priests
  6 sleepcaps
  Ijyb (D:3)
  8 iguanas
  3 orc wizards
  2 hound zombies (D:3)
  Robin (D:3)
  10 gnolls
  14 adders
  4 ribbon worms
  A shadow imp (D:6)
  A white imp (D:5)
  17 orcs
  7 ball pythons
  5 bats
  4 endoplasms
  5 giant cockroaches
  18 goblins
  13 hobgoblins
  8 jackals
  25 kobolds
  6 quokkas
  A ball python zombie (D:3)
  4 frilled lizards
  5 rats
  A spectral hobgoblin (D:10)
251 creatures vanquished.

Vanquished Creatures (collateral kills)
  An orange demon (Lair:1)
  A rime drake (Lair:1)
  A water moccasin (Lair:1)
3 creatures vanquished.

Grand Total: 254 creatures vanquished

Notes
Turn   | Place    | Note
-------+----------+-------------------------------------------
     0 | D:1      | whatisthis the Human Berserker began the quest for the Orb.
     0 | D:1      | Reached XP level 1. HP: 18/18 MP: 1/1
   198 | D:1      | Reached XP level 2. HP: 23/24 MP: 2/2
   617 | D:1      | Reached XP level 3. HP: 21/29 MP: 3/3
   899 | D:1      | Reached ** piety under Trog
  1097 | D:1      | Reached XP level 4. HP: 37/37 MP: 4/4
  1143 | D:2      | Reached skill level 4 in Fighting
  1443 | D:2      | Reached XP level 5. HP: 32/42 MP: 5/5
  1977 | D:3      | Reached *** piety under Trog
  2044 | D:3      | Noticed Ijyb
  2062 | D:3      | Killed Ijyb
  2159 | D:3      | Noticed Robin
  2180 | D:3      | Killed Robin
  2459 | D:2      | Reached XP level 6. HP: 34/49 MP: 6/6
  2685 | D:3      | Found a basalt altar of Yredelemnul.
  2871 | D:3      | Noticed a steam dragon
  2880 | D:3      | Killed a steam dragon
  2881 | D:3      | Reached skill level 5 in Fighting
  2881 | D:3      | Reached skill level 5 in Axes
  2881 | D:3      | Reached XP level 7. HP: 40/56 MP: 7/7
  3213 | D:4      | an ogre changed into a troll
  3213 | D:4      | Noticed a troll
  3227 | D:4      | Killed a troll
  3362 | D:4      | Found a runed translucent door.
  3363 | D:4      | Noticed Crazy Yiuf
  3370 | D:4      | Killed Crazy Yiuf
  3443 | D:4      | Reached skill level 6 in Fighting
  3480 | D:4      | Reached skill level 5 in Armour
  3481 | D:4      | Reached XP level 8. HP: 55/64 MP: 8/8
  3764 | D:4      | Found a sparkling altar of Nemelex Xobeh.
  3966 | D:5      | Entered Level 5 of the Dungeon
  3968 | D:5      | Noticed Pikel
  4013 | D:5      | Found a burning altar of Makhleb.
  4391 | D:4      | Pikel changed into Pikel the iguana
  4391 | D:4      | Noticed Pikel
  4403 | D:4      | Killed Pikel the iguana
  4989 | D:5      | Found an ornate altar of the Wu Jian Council.
  5099 | D:5      | Noticed a blizzard demon
  5102 | D:5      | Noticed a ynoxinul
  5240 | D:6      | Found a blossoming altar of Fedhas.
  5316 | D:6      | Reached skill level 7 in Fighting
  5741 | D:6      | Reached XP level 9. HP: 54/72 MP: 9/9
  5924 | D:6      | Found a shimmering blue altar of Sif Muna.
  6263 | D:6      | Found a radiant altar of Vehumet.
  6619 | D:7      | Reached skill level 8 in Fighting
  6726 | D:7      | Noticed a two-headed ogre
  6759 | D:7      | Found the +6 shillelagh "Devastator" {shatter}
  6760 | D:7      | Noticed a gargoyle
  6760 | D:7      | Noticed Maggie
  6806 | D:6      | Killed Maggie
  6859 | D:7      | Killed a gargoyle
  7032 | D:7      | Found a staircase to the Ecumenical Temple.
  7049 | D:7      | Reached skill level 9 in Fighting
  7657 | D:8      | Noticed a hornet
  7669 | D:7      | Killed a hornet
  7789 | D:8      | Reached **** piety under Trog
  7792 | D:8      | Reached XP level 10. HP: 73/83 MP: 10/10
  8044 | D:8      | Killed a two-headed ogre
  8045 | D:8      | Reached skill level 10 in Fighting
  8045 | D:8      | Reached skill level 10 in Axes
  8266 | D:8      | Identified the +5 scale mail "Jeegimel" {Str+2 Slay+2}
  8374 | D:8      | Found a shimmering altar of Xom.
  8440 | D:8      | Noticed a centaur warrior
  8440 | D:8      | Noticed a cyan ugly thing
  8440 | D:8      | Noticed a centaur warrior
  8440 | D:8      | Noticed a cyclops
  8441 | D:8      | Noticed a skeletal warrior
  8441 | D:8      | Noticed a centaur warrior
  8462 | D:8      | Noticed a kobold demonologist
  8614 | D:8      | Found a glowing golden altar of the Shining One.
  8684 | D:9      | Found a staircase to the Lair.
  8980 | D:9      | Identified the dragon-blood talisman "Fajoev" {rC- rN+
                  | Will+}
  9015 | D:9      | Found a sacrificial altar of Ru.
  9025 | D:9      | Reached skill level 1 in Shields
  9037 | D:9      | Reached skill level 11 in Fighting
  9067 | D:9      | Noticed a centaur warrior
  9088 | D:9      | Killed a centaur warrior
  9524 | D:10     | Entered Level 10 of the Dungeon
  9530 | D:10     | Reached XP level 11. HP: 93/93 MP: 11/11
  9554 | D:10     | Identified the +10 battleaxe "Ydem" {antimagic, rN+}
  9923 | D:10     | HP: 2/95 [yaktaur/bolt (22)]
 10924 | D:10     | Found a snail-covered altar of Cheibriados.
 11004 | D:10     | Found a hazy altar of Hepliaklqana.
 11104 | Lair:1   | Entered Level 1 of the Lair of Beasts
 11152 | Lair:1   | Reached skill level 12 in Fighting
 11350 | Lair:1   | Noticed Amaemon
 11365 | Lair:1   | Noticed a boulder beetle
 11397 | Lair:1   | Killed Amaemon
 11853 | Lair:1   | HP: 2/96 [boulder beetle (8)]
 11859 | Lair:1   | Noticed a catoblepas
 12147 | D:9      | Killed a boulder beetle
 12230 | D:9      | Slain by a catoblepas

Illustrated notes

Levels and vault maps discovered:
D:1:      enne_arrival_octagon_isle, layout_loops_ring,
          minmay_misc_feat_enclosed, minmay_misc_feat_tower, minmay_tall_x
D:2:      layout_basic, skrybe_limestone_x, minmay_tetromino_i2
D:3:      layout_rooms, nicolae_yredelemnul_corpse_copse, minmay_box_of_dots,
          uniq_ijyb, uniq_robin
D:4:      layout_cave_pools, mainiacjoe_overflow_boulevard,
          uniq_crazy_yiuf_cottage
D:5:      layout_cave_pools, makhleb_altar_promises_db,
          nzn_wu_jian_council_hall, nrook_loot_triangle, uniq_pikel
D:6:      layout_basic, vehumet_statue,
          mainiacjoe_overflow_concentric_impassable, fedhas_altar_2
D:7:      layout_basic, minmay_temple_entry_ruins,
          dilly_guarded_unrand_devastator, uniq_maggie
D:8:      layout_loops_ring, tso_oasis_becter, mainiacjoe_overflow_alcove_1,
          minivault_12
D:9:      layout_cave_pools, nicolae_ru_awakened_eye, lair_entry_dummy,
          lightli_fourway_metalbox
D:10:     layout_roguey, nicolae_hepliaklqana_monster_ancestors,
          mainiacjoe_overflow_surrounded_room, minmay_checkerbox
D:11:     layout_gridville, minmay_mirror_moons_of_madness, uniq_erica
Lair:1:   layout_loops_ring, grunt_megastairs_5, uniq_amaemon

Skill      XL: |  1  2  3  4  5  6  7  8  9 10 11 |
---------------+----------------------------------+-----
Fighting       | 4 5 6 7 9 11 12 | 12.8
Axes           | 4 5 7 9 10 11 | 11.8
Armour         | 3 4 5 |  5.9
Shields        | 3 4 |  4.8
Dodging        | |  2.0

Action                     |  1- 3 |  4- 6 |  7- 9 | 10-12 || total
---------------------------+-------+-------+-------+-------++-------
  Melee: Hand axe          |   151 |   213 |   121 |       ||   485
         Punch             |     1 |     1 |     3 |     1 ||     6
         Dagger            |       |    42 |    92 |       ||   134
         War axe           |       |       |   191 |   183 ||   374
         Shillelagh        |       |       |     7 |   105 ||   112
  Throw: Stone             |       |     4 |       |     3 ||     7
         Dart              |       |       |       |    12 ||    12
 Invoke: Berserk           |       |     2 |     9 |     7 ||    18
         Trog's Hand       |       |     1 |     4 |     6 ||    11
         Brothers in Arms  |       |       |       |     2 ||     2
  Evoke: Wand              |       |     1 |     4 |     5 ||    10
    Use: Scroll            |       |       |       |    15 ||    15
         Potion            |       |       |       |     4 ||     4
 Armour: Leather armour    |     9 |       |       |       ||     9
         Ring mail         |    55 |       |       |       ||    55
         Chain mail        |    32 |   209 |   319 |       ||   560
         Skin              |       |    38 |       |       ||    38
         Swamp dragon scal |       |       |    78 |    16 ||    94
         Scale mail        |       |       |       |   346 ||   346
  Dodge: Dodged            |   100 |   100 |   215 |   116 ||   531
  Block: Kite shield       |       |       |       |   110 ||   110

Table legend: (Time is in decaauts)
 A = Elapsed time spent in this place.
 B = Non-inter-level travel time spent in this place.
 C = Inter-level travel time spent in this place.
 D = Time resting spent in this place.
 E = Time spent auto-exploring this place.
 F = Levels seen in this place.
 G = Mean time per level.
                   A        B        C        D        E       F      G
               +--------+--------+--------+--------+--------+-----+--------+
         Total |  12462 |  11943 |    519 |   3157 |   5244 |  12 | 1038.5 |
       Dungeon |  11571 |  11052 |    519 |   2835 |   5176 |  11 | 1051.9 |
          Lair |    890 |    890 |      0 |    321 |     68 |   1 |  890.0 |
               +--------+--------+--------+--------+--------+-----+--------+

Top non-repeatable levels by time:
     D:9: 1818 daAuts
     D:4: 1481 daAuts
     D:6: 1320 daAuts
     D:7: 1309 daAuts
     D:2: 1108 daAuts
     D:1: 1098 daAuts
     D:3: 969 daAuts
     D:8: 930 daAuts
  Lair:1: 890 daAuts
    D:10: 844 daAuts
     D:5: 679 daAuts
    D:11: 10 daAuts
